 Dungeon Crawl Stone Soup version 0.30-a0-585-g93115170b9 (webtiles) character file.

Game seed: 3723135528810236370

3481 Neon14 the Carver (level 9, -2/81 HPs)
             Began as a Minotaur Fighter on Jan 3, 2023.
             Was an Elder of Okawaru.
             Slain by a centaur warrior
             ... wielding the +11 flail of Joyful Slaughter {flame, rC++ Int+7 Dex-3}
              (11 damage)
             ... on level 7 of the Dungeon.
             The game lasted 00:09:57 (5452 turns).

Neon14 the Carver (Minotaur Fighter)                Turns: 5452, Time: 00:09:58

Health: -2/81      AC: 13    Str: 25    XL:     9   Next: 79%
Magic:  0/8        EV: 19    Int:  5    God:    Okawaru [****..]
Gold:   309        SH:  0    Dex: 10    Spells: 8/8 levels left

rFire   . . .      SeeInvis +    d - +3 falchion (elec)
rCold   . . .      Faith    .    c - +0 buckler
rNeg    + . .      Spirit   +    i - +1 chain mail {rN+}
rPois   .          Reflect  .    (helmet restricted)
rElec   .          Harm     .    x - +0 cloak
rCorr   .          Rampage  .    (no gloves)
Will    .....                    (no boots) Stlth
                                 l - amulet of guardian spirit
HPRegen 0.33/turn                h - ring of the Hare {EV+10}
MPRegen 0.11/turn                E - ring of see invisible

@: confused, ambrosia-drunk, hasted, very quick
A: horns 2, retaliatory headbutt
a: Renounce Religion, Heroism, Finesse


You were on level 7 of the Dungeon.
You worshipped Okawaru.
Okawaru was greatly pleased with you.
You visited 2 branches of the dungeon, and saw 8 of its levels.

You collected 309 gold pieces.

Inventory:

Hand Weapons
 d - a +3 falchion of electrocution (weapon)
 A - a +1 long sword of holy wrath
Armour
 c - a +0 buckler (worn)
 i - a +1 chain mail of positive energy (worn)
 x - a +0 cloak (worn)
 F - a +0 pair of boots
Jewellery
 g - a ring of resist corrosion
 h - the ring of the Hare (left hand) {EV+10}
   (You acquired it on level 2 of the Dungeon)

   [ring of evasion]

   EV:        It affects your evasion (+10).
 l - an amulet of guardian spirit (around neck)
 m - a ring of wizardry
 E - a ring of see invisible (right hand)
Wands
 r - a wand of roots (6)
 u - a wand of polymorph (11)
 C - a wand of flame (38)
Scrolls
 b - 5 scrolls of identify
 e - 2 scrolls of magic mapping {unknown}
 f - 3 scrolls of poison
 j - 2 scrolls of teleportation
 k - 5 scrolls of fear
 t - a scroll of brand weapon {unknown}
 w - 2 scrolls of torment
 y - 2 scrolls of enchant weapon {unknown}
 B - a scroll of blinking {unknown}
 D - a scroll of immolation {unknown}
Potions
 a - 2 potions of might
 n - 3 potions of attraction
 p - 3 potions of curing
 v - a potion of lignification {unknown}
 z - a potion of magic


   Skills:
 + Level 8.1 Fighting
 + Level 12.1 Long Blades
 + Level 9.1 Armour
 + Level 3.6 Dodging
 - Level 3.6 Shields


You had 8 spell levels left.
You didn't know any spells.
Your spell library contained the following spells:

 Spells                   Type           Power      Damage    Failure   Level
 Apportation              Tloc           0%         N/A       98%         1
 Necrotise                Necr           0%         1d4       98%         1
 Dazzling Flash           Conj/Hex       0%         N/A       100%        3
 Vhi's Electric Charge    Tloc/Air       0%         N/A       100%        3
 Iskenderun's Mystic Bla  Conj/Tloc      0%         2d3       100%        4
 Arcjolt                  Conj/Air       0%         1d10      100%        5
 Starburst                Conj/Fire      0%         6d3       100%        6
 Maxwell's Capacitive Co  Air            0%         ∞         100%        8
 Summon Small Mammal      Summ           Unusable   N/A       N/A         1

Dungeon Overview and Level Annotations

Branches:
Dungeon (7/15)             Temple (1/1) D:4

Altars:
Dithmenos
Fedhas
Gozag
Makhleb
Nemelex Xobeh
Okawaru
Qazlal
Trog
Uskayaw
Vehumet
Wu Jian
Yredelemnul
The Shining One

Shops:
D:1 (   D:5 =   D:7 (


Innate Abilities, Weirdness & Mutations

You have a pair of horns on your head.
You reflexively headbutt those who attack you in melee.


Message History

You slash the centaur warrior! You headbutt the centaur warrior!
The centaur warrior is heavily wounded.
The centaur warrior hits you but does no damage.
You block the centaur warrior's attack.
You closely miss the centaur warrior.
Your headbutt misses the centaur warrior.
The centaur warrior is heavily wounded.
The centaur warrior hits you with the +11 flail of Joyful Slaughter {flame, rC++ Int+7 Dex-3}!
* * * LOW HITPOINT WARNING * * *
The centaur warrior burns you.
* * * LOW HITPOINT WARNING * * *
The centaur warrior misses you.
You feel much better.
The centaur warrior hits you with the +11 flail of Joyful Slaughter {flame, rC++ Int+7 Dex-3}!
* * * LOW HITPOINT WARNING * * *
The centaur warrior burns you.
* * * LOW HITPOINT WARNING * * *
You block the centaur warrior's attack.
A wight comes into view. It is wielding a +0 trident.
The centaur warrior completely misses you.
The centaur warrior kicks you but does no damage.
You feel yourself speed up.
The centaur warrior hits you with the +11 flail of Joyful Slaughter {flame, rC++ Int+7 Dex-3}!!
* * * LOW HITPOINT WARNING * * *
The centaur warrior burns you.
* * * LOW HITPOINT WARNING * * *
The centaur warrior kicks you but does no damage.
You are confused.
You feel invigorated.
The centaur warrior completely misses you.
The centaur warrior kicks you but does no damage.
You hit the centaur warrior.
The centaur warrior is heavily wounded.
The centaur warrior misses you.
The centaur warrior kicks you but does no damage.
The orc wizard mumbles some strange words.
The orc wizard flickers and vanishes for a moment.
You bump into the tree.
The centaur warrior hits you with the +11 flail of Joyful Slaughter {flame, rC++ Int+7 Dex-3}!!
You die...

.#.......#.>.#
.#####.......#
..#....#######
.......#♣ ♣
.......#.♣ .♣#
.......#..♣♣.#
.......#♣..♣.#
.......# ♣...#######
.......# ♣..#..@co#
.......#♣♣♣♣.♣.♣♣♣o♣
...............♣
♣)†>8<'.♣
.......#♣♣♣♣†♣)♣
♣.♣...♣♣. .......#
♣.#.....#...#
###....# ♣.#######
'## .#.....# ♣.# ..
####...# ..# ~.
##..#.# ..# ~..


You could see a centaur warrior, an orc wizard (invisible) and an orc.

Vanquished Creatures
  Pikel (D:4)
  An ugly thing (D:7)
  Sigmund (D:2)
  Duvessa (D:4)
  An orc warrior (D:6)
  2 sky beasts (D:7)
  2 water moccasins (D:7)
  2 ice beasts (D:7)
  3 ogres
  A lemure (D:4)
  2 kobold brigands
  A bullfrog (D:7)
  2 phantoms (D:7)
  A gnoll sergeant (D:5)
  4 scorpions
  A wight (D:7)
  Dowan (D:4)
  2 howler monkeys (D:7)
  3 jellies
  An orc priest (D:6)
  Crazy Yiuf (D:4)
  3 hounds
  3 iguanas (D:6)
  Terence (D:2)
  12 adders
  4 gnolls
  3 white imps
  An ufetubus (D:5)
  2 worms
  3 dart slugs
  15 orcs
  6 ball pythons
  10 endoplasms
  3 giant cockroaches
  11 goblins
  9 hobgoblins
  5 quokkas
  7 bats
  5 frilled lizards
  13 kobolds
  2 rats
152 creatures vanquished.

Vanquished Creatures (others)
  8 plants (D:7)
8 creatures vanquished.

Grand Total: 160 creatures vanquished

Notes
Turn   | Place    | Note
-------+----------+-------------------------------------------
     0 | D:1      | Neon14 the Minotaur Fighter began the quest for the Orb.
     0 | D:1      | Reached XP level 1. HP: 19/19 MP: 0/0
    31 | D:1      | Found a faded altar of an unknown god.
   152 | D:1      | Reached XP level 2. HP: 27/27 MP: 1/1
   445 | D:1      | Reached skill level 3 in Long Blades
   451 | D:1      | Reached XP level 3. HP: 31/33 MP: 2/2
   691 | D:1      | Found Cuffaeh's Antique Weapon Shop.
   925 | D:2      | Found a stormy altar of Qazlal.
  1015 | D:2      | Noticed Terence
  1029 | D:2      | Killed Terence
  1030 | D:2      | Reached XP level 4. HP: 6/40 MP: 3/3
  1099 | D:2      | Noticed Sigmund
  1106 | D:2      | Identified a scroll of acquirement
  1106 | D:2      | Acquired the ring of the Hare {EV+10}
  1106 | D:2      | Found the ring of the Hare {EV+10}
  1120 | D:2      | Killed Sigmund
  1121 | D:2      | Reached skill level 5 in Long Blades
  1121 | D:2      | Reached skill level 5 in Armour
  1121 | D:2      | Reached skill level 1 in Dodging
  1121 | D:2      | Reached XP level 5. HP: 27/47 MP: 4/4
  1667 | D:3      | Reached XP level 6. HP: 55/55 MP: 5/5
  1813 | D:3      | Found a hide-covered altar of Uskayaw.
  2489 | D:4      | Found a staircase to the Ecumenical Temple.
  2494 | D:4      | Noticed Duvessa
  2494 | D:4      | Noticed Dowan
  2504 | Temple   | Entered the Ecumenical Temple
  2527 | Temple   | Became a worshipper of Warmaster Okawaru
  2561 | D:4      | Killed Duvessa
  2562 | D:4      | Reached skill level 5 in Fighting
  2562 | D:4      | Reached skill level 6 in Long Blades
  2567 | D:4      | Killed Dowan
  2636 | D:4      | Found a runed translucent door.
  2637 | D:4      | Noticed Crazy Yiuf
  2709 | D:4      | Killed Crazy Yiuf
  2737 | D:4      | Found a blossoming altar of Fedhas.
  2884 | D:4      | Noticed Pikel
  2894 | D:4      | Killed Pikel
  2894 | D:4      | Reached * piety under Okawaru
  2894 | D:4      | Reached ** piety under Okawaru
  2895 | D:4      | Reached skill level 8 in Long Blades
  2895 | D:4      | Reached XP level 7. HP: 57/63 MP: 4/6
  3015 | D:5      | Entered Level 5 of the Dungeon
  3036 | D:5      | Reached XP level 8. HP: 70/70 MP: 7/7
  3077 | D:5      | Found Usalorch's Jewellery Shop.
  3133 | D:5      | Found a bloodstained altar of Trog.
  3448 | D:5      | Found a burning altar of Makhleb.
  3524 | D:5      | Found a glowing golden altar of the Shining One.
  3655 | D:5      | Reached skill level 9 in Long Blades
  4180 | D:6      | Reached *** piety under Okawaru
  4351 | D:6      | Reached skill level 10 in Long Blades
  5220 | D:7      | Reached XP level 9. HP: 79/79 MP: 8/8
  5277 | D:7      | Found Yluezi Uhu's Antique Weapon Emporium.
  5341 | D:7      | Reached **** piety under Okawaru
  5342 | D:7      | Reached skill level 11 in Long Blades
  5368 | D:7      | Noticed a white ugly thing
  5378 | D:7      | Killed a white ugly thing
  5421 | D:7      | Identified the +11 flail of Joyful Slaughter {flame, rC++
                  | Int+7 Dex-3}
  5421 | D:7      | Noticed a centaur warrior
  5425 | D:7      | Reached skill level 12 in Long Blades
  5449 | D:7      | HP: 4/81 [centaur warrior/the +11 flail of Joyful Slaughter
                  | {flame, rC++ Int+7 Dex-3} (17)]
  5452 | D:7      | Slain by a centaur warrior

Illustrated notes

Levels and vault maps discovered:
D:1:      minmay_arrival_five_plusses, layout_basic, serial_shops,
          nicolae_shop_crystal, hellmonk_ecumenical_altar_leap_of_faith,
          minmay_misc_feat_tiny
D:2:      layout_basic, basic_altar, minmay_pentomino_q2, uniq_sigmund,
          uniq_terence
D:3:      layout_loops_corners, nicolae_uskayaw_suspiria
D:4:      layout_cave_pools, amcnicky_altar_gilded,
          minmay_temple_entry_overgrown, minmay_misc_feat_rugged,
          serial_bayou_ford_a, uniq_crazy_yiuf_cottage, uniq_duvessa, uniq_pikel
D:5:      layout_loops_cross, mainiacjoe_overflow_surrounded_room,
          kennysheep_little_box, trog_three_pillars_becter, serial_shops,
          nicolae_diamond_shop, lightli_minifort
D:6:      layout_layer_cave
D:7:      nzn_winding_woodlands_stair_cross [nzn_winding_woodlands_5x15_jagged,
          nzn_winding_woodlands_center_garden,
          nzn_winding_woodlands_5x15_concentric,
          nzn_winding_woodlands_5x5_checkerboard,
          nzn_winding_woodlands_5x5_perimeter, nzn_winding_woodlands_5x15_pool,
          nzn_winding_woodlands_center_diamonds,
          nzn_winding_woodlands_5x15_pockets], layout_cave_pools,
          nicolae_overflow_quartered_altars, serial_gnoll_camp,
          gnoll_camp_medium_02, gnoll_camp_medium_01, gnoll_camp_mini_shop,
          gnoll_camp_mini_hut, nicolae_figureground_sparkle
Temple:   nicolae_temple_ecumenical_triangle

Skill      XL: |  1  2  3  4  5  6  7  8  9 |
---------------+----------------------------+-----
Armour         | 4 5 6 7 9 |  9.1
Fighting       | 4 6 7 8 |  8.1
Long Blades    | 3 5 8 10 12 | 12.1
Dodging        | 1 2 3 |  3.6
Shields        | |  3.6

Action                   |  1- 3 |  4- 6 |  7- 9 || total
-------------------------+-------+-------+-------++-------
Melee: Long sword        |    82 |       |       ||    82
       Headbutt          |    14 |    11 |    46 ||    71
       Falchion          |       |   102 |   203 ||   305
  Use: Potion            |     4 |     3 |     6 ||    13
       Scroll            |       |     6 |     1 ||     7
Armor: Scale mail        |    43 |       |       ||    43
       Chain mail        |       |    21 |    56 ||    77
Dodge: Dodged            |    47 |    70 |   148 ||   265
Block: Buckler           |    22 |    18 |    31 ||    71

Table legend: (Time is in decaauts)
 A = Elapsed time spent in this place.
 B = Non-inter-level travel time spent in this place.
 C = Inter-level travel time spent in this place.
 D = Time resting spent in this place.
 E = Time spent auto-exploring this place.
 F = Levels seen in this place.
 G = Mean time per level.
                   A        B        C        D        E       F      G
               +--------+--------+--------+--------+--------+-----+--------+
         Total |   5415 |   5140 |    275 |     64 |   4163 |   8 |  676.9 |
       Dungeon |   5370 |   5095 |    275 |     64 |   4163 |   7 |  767.1 |
        Temple |     45 |     45 |      0 |      0 |      0 |   1 |   45.0 |
               +--------+--------+--------+--------+--------+-----+--------+

Top non-repeatable levels by time:
     D:6: 1088 daAuts
     D:5: 986 daAuts
     D:1: 940 daAuts
     D:3: 746 daAuts
     D:2: 700 daAuts
     D:4: 584 daAuts
     D:7: 323 daAuts
  Temple: 45 daAuts
